 Dungeon Crawl Stone Soup version 0.31-a0-691-g409c26aa35 (webtiles) character file.

Game seed: 5134320502272371721

130 qw the Shooter (level 5, -1/32 HPs)
             Began as a Gargoyle Hunter on Sept 6, 2023.
             Slain by an orc
             ... wielding a +0 whip
              (4 damage)
             ... on level 3 of the Dungeon.
             The game lasted 00:00:47 (1558 turns).

qw the Shooter (Gargoyle Hunter)                    Turns: 1558, Time: 00:00:47

Health: -1/32      AC: 10    Str: 14    XL:     5   Next: 14%
Magic:  5/5        EV: 10    Int: 10    God:
Gold:   198        SH:  0    Dex: 15    Spells: 4/4 levels left

rFire   . . .        Y - +0 shortbow
rCold   . . .        (shield currently unavailable)
rNeg    + . .        d - +0 ring mail
rPois   inf          j - +0 helmet
rElec   +            (no cloak)
rCorr   +            (no gloves)
SInv    .            (no boots)
Will    .....        (no amulet)
Stlth   +            e - ring of resist corrosion
HPRegen 0.25/turn    (no ring)
MPRegen 0.09/turn

%: no passive effects
@: no status effects
A: sickness immunity, AC +4, negative energy resistance 1, electricity
resistance, torment resistance 1, petrification resistance
a: no special abilities


You were on level 3 of the Dungeon.
You visited 1 branch of the dungeon, and saw 3 of its levels.

You collected 198 gold pieces.


Innate Abilities, Weirdness & Mutations

You are immune to sickness and miasma.
Your stone body is resilient. (AC +4)
You are immune to poison.
You resist negative energy. (rN+)
You are resistant to electric shocks. (rElec)
You are resistant to unholy torment.
You are immune to petrification.


   Skills:
 - Level 3.0 Fighting
 + Level 5.8 Ranged Weapons
 - Level 1.0 Armour
 - Level 1.5 Dodging
 - Level 1.1 Stealth


You had 4 spell levels left.
You didn't know any spells.
Your spell library was empty.

Inventory:

Hand Weapons
 Y - a +0 shortbow (weapon)
Armour
 d - a +0 ring mail (worn)
 j - a +0 helmet (worn)
Jewellery
 b - an amulet of the acrobat
 e - a ring of resist corrosion (left hand)
 f - a ring of fire
Potions
 a - a potion of mutation {unknown}
 i - a potion of ambrosia {unknown}
 l - a potion of curing {unknown}

Dungeon Overview and Level Annotations

Branches:
Dungeon (3/15)

Altars:
Ru


Message History

You shoot an arrow. The arrow barely misses the gnoll.
The gnoll closely misses you. The gnoll barely misses you.
An orc comes into view. It is wielding a +0 flail.
You shoot an arrow. The orc shouts!
The arrow hits the gnoll.
The gnoll is severely wounded.
A gnoll comes into view. It is wielding a +0 halberd.
The gnoll hits you but does no damage. The gnoll closely misses you.
The gnoll hits you from afar with a +0 spear.
The gnoll barely misses you.
The gnoll hits you from afar with a +0 halberd!
The gnoll moves out of view.
1552 ||| DRINKING potion of heal wounds.
You feel much better.
The gnoll hits you from afar with a +0 halberd!
The gnoll hits you but does no damage.
The gnoll hits you from afar with a +0 spear!
You shoot an arrow. The arrow closely misses the gnoll.
The gnoll hits you from afar with a +0 spear.
The gnoll barely misses you.
The gnoll hits you from afar with a +0 spear.
You shoot an arrow. The arrow hits the gnoll!
You kill the gnoll!
The gnoll hits you but does no damage. The gnoll barely misses you.
You shoot an arrow. The arrow closely misses the gnoll.
The gnoll completely misses you. The gnoll hits you but does no damage.
You shoot an arrow. The arrow closely misses the orc.
The gnoll hits you but does no damage. x2; The orc barely misses you.
The orc hits you but does no damage.
You shoot an arrow.
The arrow hits the orc but does no damage.
The gnoll hits you but does no damage. x2; The orc hits you with a +0 flail.
The orc barely misses you.
The gnoll hits you from afar with a +0 spear.
The orc hits you with a +0 whip. The gnoll barely misses you.
You shoot an arrow. The arrow hits the orc.
The orc is severely wounded.
The orc hits you with a +0 whip.
You die...

..# #.# # #g# #....
##.#o# # #..og#.#
#.g#o#.# #..o@..#
#.##.########### #
#...........##
###.##.#.#.......##.
.........###......##.###
####.#..## ##..........#
#.....###%......#.#.#
###.##.#.......###...
####.###.....<...#.#.#


You could see 3 gnolls and 4 orcs.

Vanquished Creatures
  Robin (D:2)
  A gnoll (D:3)
  3 adders (D:2)
  A worm (D:2)
  2 dart slugs (D:2)
  5 orcs (D:3)
  4 ball pythons
  3 giant cockroaches
  12 goblins
  7 hobgoblins
  4 jackals (D:3)
  6 quokkas
  4 bats
  3 frilled lizards
  2 kobolds
  8 rats
66 creatures vanquished.

Notes
Turn   | Place    | Note
-------+----------+-------------------------------------------
     0 | D:1      | qw the Gargoyle Hunter began the quest for the Orb.
     0 | D:1      | Reached XP level 1. HP: 12/12 MP: 1/1
     0 | D:1      | 0 ||| qw: Version: 0.3-a-76-g4403597
     0 | D:1      | 0 ||| qw: Game counter: 41
     0 | D:1      | 0 ||| qw: Melee chars always use a shield: true
     0 | D:1      | 0 ||| qw: God list: Okawaru
     0 | D:1      | 0 ||| qw: Allow faded altars: false
     0 | D:1      | 0 ||| qw: Do Orc after clearing Dungeon:15 true
     0 | D:1      | 0 ||| qw: Do second Lair branch before Depths: true
     0 | D:1      | 0 ||| qw: Lair rune preference: random
     0 | D:1      | 0 ||| qw: Goals: Normal
     0 | D:1      | 0 ||| PLANNING D:1-11
   163 | D:1      | Reached XP level 2. HP: 17/17 MP: 2/2
   376 | D:1      | 376 ||| READING scroll labelled CIACEOG JUZA.
   380 | D:1      | 380 ||| READING scroll labelled TIPSEEMIORO.
   381 | D:1      | 381 ||| READING scroll labelled XYRADW YGOAT.
   382 | D:1      | 382 ||| DRINKING 2 murky dark potions.
   383 | D:1      | 383 ||| DROPPING scroll of butterflies.
   458 | D:2      | Found a sacrificial altar of Ru.
   470 | D:2      | Reached XP level 3. HP: 11/21 MP: 3/3
   598 | D:2      | Reached skill level 5 in Ranged Weapons
   843 | D:2      | Reached skill level 3 in Fighting
   851 | D:2      | Noticed Robin
   858 | D:2      | Reached XP level 4. HP: 28/28 MP: 4/4
   865 | D:2      | Killed Robin
  1293 | D:2      | 1293 ||| UPGRADING to +0 ring mail.
  1303 | D:2      | 1303 ||| DROPPING +0 leather armour.
  1304 | D:2      | 1304 ||| UPGRADING to +0 helmet.
  1309 | D:2      | 1309 ||| UPGRADING to ring of resist corrosion.
  1310 | D:2      | 1310 ||| READING scroll labelled OTHARAXK PAYW.
  1311 | D:2      | 1311 ||| READING scroll labelled MUEZAMPI YDEL.
  1312 | D:2      | 1312 ||| READING scroll labelled RINIFFI MONG.
  1331 | D:3      | 1331 ||| PLANNING SEWER
  1444 | D:3      | Reached skill level 1 in Armour
  1541 | D:3      | Reached XP level 5. HP: 32/32 MP: 5/5
  1551 | D:3      | HP: 8/32 [gnoll/+0 halberd (10)]
  1552 | D:3      | 1552 ||| DRINKING potion of heal wounds.
  1557 | D:3      | HP: 7/32 [orc/+0 flail (4)]
  1557 | D:3      | HP: 3/32 [orc/+0 whip (3)]
  1558 | D:3      | Slain by an orc

Levels and vault maps discovered:
D:1:      minmay_arrival_up_and_down, layout_rooms
D:2:      layout_basic, small_statue_intersection, serial_park_tiny_1,
          minmay_hexomino_r4, uniq_robin
D:3:      layout_loops_ring, gammafunk_ghost_necromancy,
          lightli_sewer_entry_pipes, minmay_between

Skill      XL: |  1  2  3  4 |
---------------+-------------+-----
Ranged Weapons | 5 |  5.8
Fighting       | 3 |  3.0
Armour         | 1 |  1.0
Dodging        | |  1.5
Stealth        | |  1.1

Action                     |  1- 3 |  4- 6 || total
---------------------------+-------+-------++-------
   Fire: Shortbow          |    95 |    89 ||   184
    Use: Scroll            |     3 |     3 ||     6
         Potion            |     1 |     1 ||     2
 Armour: Leather armour    |    29 |    16 ||    45
         Ring mail         |       |    56 ||    56
  Dodge: Dodged            |    26 |    56 ||    82

Table legend:
 A = Non-vault XP
 B = Vault XP
 C = Vault XP percentage of total XP
 D = Non-vault monster count
 E = Vault monster count
 F = Vault count percentage of total count
                 A         B        C        D         E       F
            +---------+---------+-------+---------+---------+-------
      Total |     134 |      53 |  28.3 |      50 |      16 |  24.2
            +---------+---------+-------+---------+---------+-------
        D:1 |      21 |       0 |   0.0 |      13 |       0 |   0.0
        D:2 |      60 |      50 |  45.5 |      17 |      14 |  45.2
        D:3 |      53 |       3 |   5.4 |      20 |       2 |   9.1
            +---------+---------+-------+---------+---------+-------
